 Dungeon Crawl Stone Soup version 0.22-a0-445-g8c8ef71 (webtiles) character file.

7884 emperorscorpion the Thaumaturge (level 11, -5/59 HPs)
             Began as a Deep Elf Conjurer on June 2, 2018.
             Was a Priest of Cheibriados.
             Slain by a skeletal warrior
             ... wielding a +0 battleaxe
             ... led by a skeletal warrior
              (24 damage)
             ... on level 10 of the Dungeon.
             The game lasted 00:31:47 (14374 turns).

emperorscorpion the Thaumaturge (DECj)             Turns: 14374, Time: 00:31:47

Health: -5/59      AC:  5    Str: 12    XL:     11   Next: 2%
Magic:  2/28       EV: 18    Int: 36    God:    Cheibriados [***...]
Gold:   489        SH:  0    Dex: 22    Spells: 15/33 levels left

rFire    + . .     SeeInvis .   b - +0 shortbow
rCold    . . .     Gourm    .   (shield currently unavailable)
rNeg     . . .     Faith    .   K - -1 robe
rPois    .         Spirit   .   (no helmet)
rElec    .         Reflect  .   (no cloak)
rCorr    .         Harm     .   F - +2 pair of gloves {archery}
MR       ++...                  R - +0 pair of boots
Stlth    +++.......             (no amulet)
HPRegen  0.19/turn              g - ring of protection from magic
MPRegen  0.21/turn              h - ring of protection from fire

@: brilliant, very slow
A: no striking features
a: Bend Time, Temporal Distortion, Renounce Religion


You were on level 10 of the Dungeon.
You worshipped Cheibriados.
Cheibriados was most pleased with you.
You were not hungry.

You visited 1 branch of the dungeon, and saw 10 of its levels.

You collected 681 gold pieces.
You spent 192 gold pieces at shops.

Inventory:

Hand Weapons
 a - a +0 trident of freezing
 b - a +0 shortbow (weapon)
 j - a +0 short sword
 x - a +0 blowgun
 B - the +3 short sword "Sazuos" {drain, -Tele Str+3}
   (You bought it in a shop on level 5 of the Dungeon)

   A truly terrible weapon, it drains the life of those it strikes.
   It affects your strength (+3).
   It prevents most forms of teleportation.
 Q - a +0 rapier of electrocution
Missiles
 e - 17 tomahawks
 i - 203 arrows (quivered)
 l - 258 stones
 m - 100 sling bullets
 n - 71 bolts
 q - 8 javelins
 w - 49 poisoned needles
 I - 2 throwing nets
Armour
 f - a +3 leather armour
 F - a +2 pair of gloves of archery (worn)
 K - a -1 robe (worn)
 M - a +1 robe
 R - a +0 pair of boots (worn)
Magical Staves
 u - an uncursed staff of death
Jewellery
 g - a ring of protection from magic (left hand)
 h - a ring of protection from fire (right hand)
 V - a +3 ring of protection {unknown}
 X - an uncursed ring of poison resistance {unknown}
Wands
 p - a wand of clouds (1)
 t - a wand of digging (33)
 G - a wand of iceblast (17)
 T - a wand of polymorph (11)
 W - a wand of flame (35)
Scrolls
 o - a scroll of enchant armour
 r - 2 scrolls of fog
 s - 2 scrolls of magic mapping
 v - a scroll of enchant weapon
 y - 2 scrolls of immolation
 z - 6 scrolls of teleportation
 J - 2 scrolls of identify
 L - a scroll of remove curse
 O - 2 scrolls of blinking
 Y - a scroll of amnesia
Potions
 d - 7 potions of curing
 A - 2 potions of magic
 C - a potion of ambrosia
 D - 3 potions of might
 E - 5 potions of flight
 H - 6 potions of degeneration
 N - a potion of cancellation
 S - a potion of invisibility
 U - a potion of heal wounds {unknown}
Comestibles
 c - 34 rations


   Skills:
 + Level 2.6 Fighting
 - Level 2.5 Short Blades
 + Level 0.7 Polearms
 + Level 4.6 Bows
 + Level 1.0 Throwing
 + Level 3.2 Armour
 + Level 6.6 Dodging
 + Level 5.1 Stealth
 * Level 11.8 Spellcasting
 * Level 11.6 Conjurations
 * Level 1.9 Ice Magic
 * Level 1.6 Air Magic
 + Level 0.6 Evocations


You had 15 spell levels left.
You knew the following spells:

 Your Spells              Type           Power        Failure   Level  Hunger
a - Magic Dart            Conj           ####         0%          1    None
b - Iskenderun's Mystic   Conj           #######.     1%          4    None
c - Force Lance           Conj/Tloc      ######..     1%          4    None
d - Mephitic Cloud        Conj/Pois/Air  ######..     1%          3    None
e - Freezing Cloud        Conj/Ice/Air   ######....   4%          6    ####...

Your spell library contained the following spells:

 Spells                   Type           Power        Failure   Level  Hunger
 Conjure Flame            Conj/Fire      ######..     1%          3    None
 Ring of Flames           Chrm/Fire      #####.....   77%         7    #####..
 Fulminant Prism          Conj/Hex       ######....   1%          4    None
 Dazzling Spray           Conj/Hex       ######       1%          3    None
 Searing Ray              Conj           ######       1%          2    None
 Poisonous Vapours        Pois/Air       #####.       1%          2    None


Dungeon Overview and Level Annotations

Branches:
Dungeon (10/15)            Temple (0/1) D:5
   Lair: D:8-11         Orc: D:9-12

Altars:
Cheibriados
Dithmenos
Fedhas
Jiyva

Shops:
D:5 (   D:6 =   D:10 %

Annotations:
D:10 exclusion: skeletal warrior


Message History

The skeletal warrior is engulfed in blazing flames.
The skeletal warrior misses you.
The skeletal warrior is engulfed in blazing flames.
It was a potion of cancellation.
Your magical effects are unravelling.
You feel magically purged.
You feel a little less agile now.
The skeletal warrior is engulfed in blazing flames.
The skeletal warrior hits you with a dire flail!
* * * LOW HITPOINT WARNING * * *
You feel better.
The skeletal warrior is engulfed in blazing flames.
You destroy the skeletal warrior!
Cheibriados thoroughly appreciates the change of pace.
You have reached level 11!
It was a potion of brilliance.
You feel clever all of a sudden.
The skeletal warrior is engulfed in blazing flames.
The skeletal warrior hits you with a battleaxe!!
You die...

#.......# ##.#
#....#####z# #.#
#.#### #.# #.# #.#
#.# #.# #§# #.#
#.# #§# #.# #.#
#§# #.# #.# #z#
#.# #.# #@#
###.### #.# #.#
#.....# #.#
#.######)###.##.#.
#.#......# #.#.###
#........# #..## #
###.####.....#.###
#.# ########.#.
#.# ##.# #.# #.#


You could see a skeletal warrior.

Vanquished Creatures
  A two-headed ogre (D:9)
  Urug (D:10)
  2 skeletal warriors (D:10)
  2 hippogriffs
  Sigmund (D:3)
  A wraith (D:10)
  2 hungry ghosts
  A water moccasin (D:8)
  An orc warrior (D:6)
  An ice beast (D:7)
  A sky beast (D:8)
  4 phantoms
  A necrophage (D:10)
  3 ogres
  A black bear (D:7)
  8 centaurs
  2 big kobolds
  4 bullfrogs
  4 scorpions
  8 killer bees
  8 wights
  A howler monkey (D:5)
  5 crimson imps
  5 hounds
  4 jellies (D:9)
  10 orc wizards
  4 orc priests
  A bullfrog skeleton (D:8)
  Ijyb (D:3)
  2 iguanas
  4 worker ants
  A killer bee zombie (D:6)
  2 hound skeletons
  A worker ant zombie (D:9)
  Robin (D:3)
  8 gnolls
  16 adders
  3 shadow imps
  3 oozes
  An adder zombie (D:6)
  4 adder skeletons (D:4)
  2 worms
  4 dart slugs
  10 leopard geckos
  18 orcs
  6 bats
  3 giant cockroaches
  14 goblins
  10 hobgoblins
  11 jackals
  4 quokkas
  A ball python (D:3)
  5 frilled lizards
  8 kobolds
  A leopard gecko skeleton (D:4)
  A leopard gecko zombie (D:8)
  3 rats
235 creatures vanquished.

Notes
Turn   | Place    | Note
-------+----------+-------------------------------------------
     0 | D:1      | emperorscorpion the Deep Elf Conjurer began the quest for the Orb.
     0 | D:1      | Reached XP level 1. HP: 10/10 MP: 6/6
   127 | D:1      | Reached XP level 2. HP: 15/15 MP: 4/8
   383 | D:1      | Reached skill level 5 in Conjurations
   775 | D:1      | Reached XP level 3. HP: 19/19 MP: 5/9
  1473 | D:2      | Reached XP level 4. HP: 24/24 MP: 7/11
  1647 | D:2      | Learned a level 4 spell: Iskenderun's Mystic Blast
  2107 | D:3      | Noticed Ijyb
  2107 | D:3      | Noticed an ogre
  2404 | D:2      | Killed an ogre
  2404 | D:2      | Reached XP level 5. HP: 28/28 MP: 0/13
  2553 | D:3      | Killed Ijyb
  2565 | D:3      | Noticed Sigmund
  2704 | D:3      | Killed Sigmund
  2704 | D:3      | Reached skill level 5 in Spellcasting
  2704 | D:3      | Reached XP level 6. HP: 12/32 MP: 3/15
  3346 | D:3      | Reached XP level 7. HP: 37/37 MP: 8/17
  3425 | D:3      | Noticed Robin
  3430 | D:3      | Killed Robin
  3809 | D:3      | Learned a level 4 spell: Force Lance
  4772 | D:4      | Found a shadowy altar of Dithmenos.
  5114 | D:5      | Entered Level 5 of the Dungeon
  5119 | D:5      | Found Egryhorch's Antique Weapon Shop.
  5198 | D:5      | Reached skill level 1 in Throwing
  5816 | D:5      | Bought a slimy short sword for 192 gold pieces
  5847 | D:5      | Reached skill level 1 in Short Blades
  5847 | D:5      | Reached XP level 8. HP: 28/42 MP: 6/21
  6107 | D:5      | Found Ogopt's Assorted Antiques.
  6136 | D:5      | Reached skill level 1 in Armour
  6306 | D:5      | Identified the +3 short sword "Sazuos" {drain, -Tele Str+3} (You bought it in a shop on level 5 of the Dungeon)
  6615 | D:5      | Found a staircase to the Ecumenical Temple.
  7325 | D:6      | Reached skill level 1 in Fighting
  8283 | D:6      | Reached XP level 9. HP: 47/47 MP: 18/23
  8542 | D:6      | Found Vigaxt Cyngo's Jewellery Boutique.
  8948 | D:6      | Found a snail-covered altar of Cheibriados.
  9021 | D:6      | Became a worshipper of Cheibriados the Contemplative
  9201 | D:7      | Found a blossoming altar of Fedhas.
  9225 | D:7      | Reached skill level 5 in Dodging
  9913 | D:7      | Reached * piety under Cheibriados
 10257 | D:7      | Reached skill level 10 in Spellcasting
 10257 | D:7      | Reached skill level 10 in Conjurations
 10755 | D:8      | Reached skill level 5 in Stealth
 10800 | D:8      | Reached ** piety under Cheibriados
 11198 | D:8      | Reached skill level 1 in Bows
 11206 | D:8      | Reached XP level 10. HP: 28/53 MP: 2/26
 12390 | D:9      | Found a viscous altar of Jiyva.
 12949 | D:9      | Noticed a two-headed ogre
 12954 | D:9      | Killed a two-headed ogre
 13315 | D:10     | Entered Level 10 of the Dungeon
 13633 | D:10     | Reached *** piety under Cheibriados
 13725 | D:10     | Noticed a skeletal warrior
 14062 | D:10     | Found Rannawno's Food Emporium.
 14140 | D:10     | Learned a level 3 spell: Mephitic Cloud
 14147 | D:10     | Learned a level 6 spell: Freezing Cloud
 14173 | D:10     | Noticed Urug
 14176 | D:10     | Noticed a skeletal warrior
 14179 | D:10     | Killed Urug
 14179 | D:10     | Reached skill level 1 in Ice Magic
 14180 | D:10     | Noticed a skeletal warrior
 14370 | D:10     | Killed a skeletal warrior
 14370 | D:10     | Reached skill level 1 in Air Magic
 14373 | D:10     | Killed a skeletal warrior
 14373 | D:10     | Reached XP level 11. HP: 18/59 MP: 1/28
 14374 | D:10     | Slain by a skeletal warrior

Vault maps used:
D:1:      dpeg_arrival_oval, minmay_misc_feat_more_columns, hex_large,
          grunt_decor_cap, corner_web_ring
D:2:      serial_corexii_hall, corexii_hall_statues_t, corexii_hall_statues_x,
          first_ration
D:3:      kennysheep_boxes, uniq_ijyb, uniq_sigmund, uniq_robin
D:4:      nicolae_dithmenos_the_darkroom
D:5:      minmay_temple_entry_butterflies, serial_shops, nicolae_shop_crystal,
          nicolae_shop_stone, st_stairs_6
D:6:      lemuel_round_altar, serial_shops, shop, wad_floor_pattern_1
D:7:      fedhas_altar_4
D:8:      moated_statue
D:9:      blue_anna_alchemist, jiyva_altar_1
D:10:     serial_shops, shop, uniq_urug

Skill      XL: |  1  2  3  4  5  6  7  8  9 10 |
---------------+-------------------------------+-----
Conjurations   | 5 6 7 8 9 10 11 | 11.6
Dodging        | 3 4 5 6 |  6.6
Stealth        | 3 4 5 |  5.1
Spellcasting   | 4 5 7 8 10 11 | 11.8
Throwing       | 1 |  1.0
Short Blades   | 1 2 |  2.5
Armour         | 2 3 |  3.2
Fighting       | 1 2 |  2.6
Bows           | 1 4 |  4.6
Ice Magic      | 1 |  1.9
Air Magic      | 1 |  1.6
Polearms       | |  0.7
Evocations     | |  0.6

Action                   |  1- 3 |  4- 6 |  7- 9 | 10-12 || total
-------------------------+-------+-------+-------+-------++-------
Melee: Short sword       |     1 |     1 |   113 |       ||   115
       Trident           |       |       |    54 |       ||    54
 Fire: Shortbow          |       |       |    19 |    35 ||    54
Throw: Stone             |       |     5 |     6 |       ||    11
 Cast: Magic Dart        |    69 |    73 |   149 |     5 ||   296
       Iskenderun's Myst |       |    14 |   131 |    70 ||   215
Evoke: Wand              |       |     3 |       |     5 ||     8
  Use: Scroll            |     4 |     4 |    11 |     2 ||    21
       Potion            |       |       |     1 |     4 ||     5
 Stab: Sleeping          |       |       |     1 |       ||     1
  Eat: Chunk             |     2 |     8 |    21 |     4 ||    35
       Ration            |       |       |     2 |       ||     2
Armor: Robe              |     1 |     9 |    14 |     2 ||    26
       Leather armour    |       |       |    42 |       ||    42
       Skin              |       |       |    11 |       ||    11
Dodge: Dodged            |     2 |    13 |   160 |    20 ||   195

Table legend:
 A = Spawn XP
 B = Non-spawn XP
 C = Spawn XP percentage of total XP
 D = Spawn monster count
 E = Non-spawn monster count
 F = Spawn count percentage of total count
 G = Total turns spent on level
                    A         B        C        D         E        F      G
               +---------+---------+-------+---------+---------+-------+---------
         Total |       0 |   11264 |   0.0 |       0 |     235 |   0.0 | 14374
               +---------+---------+-------+---------+---------+-------+---------
           D:1 |       0 |      51 |   0.0 |       0 |      22 |   0.0 |  1355
           D:2 |       0 |     223 |   0.0 |       0 |      26 |   0.0 |  1178
           D:3 |       0 |     638 |   0.0 |       0 |      38 |   0.0 |  1585
           D:4 |       0 |     290 |   0.0 |       0 |      20 |   0.0 |  1449
           D:5 |       0 |     674 |   0.0 |       0 |      18 |   0.0 |  1627
           D:6 |       0 |    1491 |   0.0 |       0 |      34 |   0.0 |  1907
           D:7 |       0 |    1212 |   0.0 |       0 |      20 |   0.0 |  1473
           D:8 |       0 |    1588 |   0.0 |       0 |      24 |   0.0 |  1566
           D:9 |       0 |    1669 |   0.0 |       0 |      11 |   0.0 |  1175
          D:10 |       0 |    3428 |   0.0 |       0 |      22 |   0.0 |  1059
               +---------+---------+-------+---------+---------+-------+---------
